 Dungeon Crawl Stone Soup version 0.31-a0-255-g9c3d1c461a (webtiles) character file.

Game seed: 1079584306686579328

163 qw the Shooter (level 5, 0/30 HPs)
             Began as a Gargoyle Hexslinger on July 12, 2023.
             Slain by a gnoll bouda
             ... wielding a +0 whip
              (9 damage)
             ... on level 4 of the Dungeon.
             The game lasted 00:01:13 (2315 turns).

qw the Shooter (Gargoyle Hexslinger)                Turns: 2315, Time: 00:01:14

Health: 0/30       AC: 11    Str: 11    XL:     5   Next: 44%
Magic:  6/6        EV: 10    Int: 14    God:
Gold:   172        SH:  0    Dex: 14    Spells: 5/6 levels left

rFire   . . .        Y - +1 sling
rCold   . . .        (no shield)
rNeg    + . .        j - +0 ring mail
rPois   inf          (no helmet)
rElec   +            a - +0 cloak
rCorr   .            (no gloves)
SInv    .            c - +0 pair of boots
Will    .....        (no amulet)
Stlth   +            (no ring)
HPRegen 0.25/turn    (no ring)
MPRegen 0.10/turn

%: no passive effects
@: weakened
A: sickness immunity, AC +4, negative energy resistance 1, electricity
resistance, torment resistance 1, petrification resistance
a: no special abilities


You were on level 4 of the Dungeon.
You visited 1 branch of the dungeon, and saw 4 of its levels.

You collected 172 gold pieces.


Innate Abilities, Weirdness & Mutations

You are immune to sickness and miasma.
Your stone body is resilient. (AC +4)
You are immune to poison.
You resist negative energy. (rN+)
You are resistant to electric shocks. (rElec)
You are resistant to unholy torment.
You are immune to petrification.


   Skills:
 + Level 2.2 Fighting
 - Level 5.0 Ranged Weapons
 - Level 1.0 Armour
 - Level 1.5 Dodging
 - Level 1.0 Spellcasting
 - Level 2.6 Hexes


You had 5 spell levels left.
You knew the following spells:

 Your Spells              Type           Power      Damage    Failure   Level
a - Slow                  Hex            32%        N/A       21%         1

Your spell library contained the following spells:

 Spells                   Type           Power      Damage    Failure   Level
 Inner Flame              Hex/Fire       4%         N/A       71%         3
 Portal Projectile        Hex/Tloc       8%         N/A       71%         3
 Cause Fear               Hex            4%         N/A       90%         4

Inventory:

Hand Weapons
 Y - a +1 sling (weapon)
Armour
 a - a +0 cloak (worn)
 c - a +0 pair of boots (worn)
 j - a +0 ring mail (worn)
Scrolls
 b - a scroll of identify
Potions
 d - a potion of berserk rage {unknown}
 e - a potion of heal wounds {unknown}
 f - a potion of magic {unknown}
 h - a potion of ambrosia {unknown}
 k - a potion of attraction {unknown}
 l - a potion of cancellation {unknown}

Dungeon Overview and Level Annotations

Branches:
Dungeon (4/15)
 Temple: D:4-7

Altars:
Qazlal
Ru
Wu Jian


Message History

The sling bullet closely misses the gnoll.
The sling bullet barely misses the gnoll.
The gnoll shouts! x2
A gnoll bouda comes into view. It is wielding a +0 whip.
You shoot a sling bullet. The sling bullet hits the gnoll.
The gnoll is moderately wounded.
You shoot a sling bullet.
The sling bullet closely misses the gnoll.
The sling bullet hits the gnoll.
The gnoll is lightly wounded.
The gnoll bouda barks out a call to the hunt!
The gnolls pick up the pace!
The gnoll bouda gazes fiercely through you!
You feel your attacks grow feeble.
You shoot a sling bullet. The sling bullet hits the gnoll.
The gnoll is heavily wounded.
You shoot a sling bullet.
The sling bullet completely misses the gnoll.
The gnoll hits you from afar with a +0 spear.
The gnoll closely misses you.
The gnoll bouda gazes fiercely through you!
You feel as though you will be weak longer.
You shoot a sling bullet. The sling bullet hits the gnoll.
The gnoll is heavily wounded.
The gnoll closely misses you. The gnoll barely misses you. x2
The gnoll completely misses you.
You shoot a sling bullet. The sling bullet hits the gnoll.
The gnoll is severely wounded.
The gnoll hits you with a +0 whip. The gnoll hits you but does no damage.
The gnoll hits you with a +0 flail!
The gnoll bouda gazes fiercely through you!
You feel as though you will be weak longer.
You shoot a sling bullet.
The sling bullet hits the gnoll but does no damage.
The gnoll is severely wounded.
The gnoll hits you with a +0 whip.
The gnoll hits you from afar with a +0 spear.
The gnoll misses you.
The gnoll bouda hits you with a +0 whip!
You die...

.....#...#.......
.....#...#.......
....#####.......
#...........###
#...........#..
#...........#..
#...........#..
###+##...........###
#+##gg@...###'###......
......gg...+.....#......
...........#.....#......
...........#.....#......
.............#####......
.....########...########
..... #....# .....
#....# .. #....#


You could see a gnoll bouda and 3 gnolls.

Vanquished Creatures
  2 orc wizards (D:3)
  An adder (D:4)
  3 gnolls (D:3)
  A dart slug (D:1)
  7 orcs (D:3)
  10 ball pythons
  3 bats
  8 endoplasms
  2 giant cockroaches
  3 goblins
  A hobgoblin (D:2)
  5 quokkas
  6 frilled lizards
  7 kobolds
  7 rats
66 creatures vanquished.

Notes
Turn   | Place    | Note
-------+----------+-------------------------------------------
     0 | D:1      | qw the Gargoyle Hexslinger began the quest for the Orb.
     0 | D:1      | Reached XP level 1. HP: 12/12 MP: 2/2
     0 | D:1      | 0 ||| qw: Version: 0.3-a-52-g30416fa
     0 | D:1      | 0 ||| qw: Game counter: 6650
     0 | D:1      | 0 ||| qw: Melee chars always use a shield: true
     0 | D:1      | 0 ||| qw: God list: Okawaru
     0 | D:1      | 0 ||| qw: Allow faded altars: false
     0 | D:1      | 0 ||| qw: Do Orc after clearing Dungeon:15 true
     0 | D:1      | 0 ||| qw: Do second Lair branch before Depths: true
     0 | D:1      | 0 ||| qw: Lair rune preference: random
     0 | D:1      | 0 ||| qw: Goals: Normal
     0 | D:1      | 0 ||| PLANNING D:1-11
   159 | D:1      | Reached XP level 2. HP: 16/16 MP: 3/3
   261 | D:1      | Reached skill level 3 in Ranged Weapons
   584 | D:1      | 584 ||| UPGRADING to +0 leather armour.
   594 | D:1      | 594 ||| DROPPING +0 robe.
   595 | D:1      | 595 ||| UPGRADING to +0 ring mail.
   605 | D:1      | 605 ||| DROPPING +0 leather armour.
   609 | D:1      | 609 ||| READING scroll labelled BIPOAXESCHE.
   620 | D:1      | 620 ||| READING scroll labelled CAKHLA HOONO.
   663 | D:1      | 663 ||| READING scroll labelled DUFOFI OXTACA.
   766 | D:1      | 766 ||| DROPPING scroll of poison.
   819 | D:2      | Reached XP level 3. HP: 21/21 MP: 4/4
   928 | D:2      | 928 ||| FLEEEEING.
  1436 | D:2      | 1436 ||| UPGRADING to +0 pair of boots.
  1441 | D:2      | 1441 ||| READING scroll labelled QAOSYVVATO.
  1444 | D:2      | 1444 ||| READING scroll labelled GAKKA AHAM.
  1445 | D:2      | 1445 ||| READING scroll labelled USKUCV QIN MEI.
  1446 | D:2      | 1446 ||| DRINKING 2 fizzy amethyst potions.
  1447 | D:2      | 1447 ||| DROPPING potion of brilliance.
  1591 | D:3      | Reached skill level 1 in Armour
  1595 | D:3      | 1595 ||| FLEEEEING.
  1599 | D:3      | 1599 ||| FLEEEEING.
  1600 | D:3      | 1600 ||| FLEEEEING.
  1601 | D:3      | 1601 ||| FLEEEEING.
  1602 | D:3      | 1602 ||| FLEEEEING.
  1603 | D:3      | 1603 ||| FLEEEEING.
  1604 | D:3      | 1604 ||| FLEEEEING.
  1605 | D:3      | 1605 ||| FLEEEEING.
  1606 | D:3      | 1606 ||| FLEEEEING.
  1680 | D:3      | Reached XP level 4. HP: 26/26 MP: 5/5
  1686 | D:3      | Reached skill level 4 in Ranged Weapons
  1709 | D:3      | 1709 ||| FLEEEEING.
  1714 | D:3      | 1714 ||| FLEEEEING.
  1716 | D:3      | 1716 ||| FLEEEEING.
  1717 | D:3      | 1717 ||| FLEEEEING.
  1726 | D:3      | 1726 ||| STAIRDANCE
  1744 | D:2      | 1744 ||| READING scroll labelled YWIATE BEUSAL.
  1861 | D:3      | Reached XP level 5. HP: 29/30 MP: 6/6
  2082 | D:3      | Reached skill level 5 in Ranged Weapons
  2163 | D:3      | Found a sacrificial altar of Ru.
  2163 | D:3      | Found a stormy altar of Qazlal.
  2171 | D:3      | Found a faded altar of an unknown god.
  2173 | D:3      | Found a faded altar of an unknown god.
  2175 | D:3      | Found an ornate altar of the Wu Jian Council.
  2182 | D:3      | 2182 ||| UPGRADING to +0 cloak.
  2315 | D:4      | Slain by a gnoll bouda

Levels and vault maps discovered:
D:1:      saegor_arrival_simple_d, layout_basic, kennysheep_flooded_box
D:2:      layout_rooms, serial_forest, infiniplex_forest_end_3,
          infiniplex_forest_straight_1, infiniplex_forest_clump_curved,
          infiniplex_forest_clump_diagonal, minmay_diced_spiral
D:3:      layout_basic, chequers_temple_overflow_minitemple
D:4:      layout_gridville, serial_shops, nicolae_shop_stone, uniq_blork_the_orc

Skill      XL: |  1  2  3  4  5 |
---------------+----------------+-----
Ranged Weapons | 3 4 5 |  5.0
Fighting       | 2 |  2.2
Armour         | 1 |  1.0
Dodging        | |  1.5
Spellcasting   | |  1.0
Hexes          | |  2.6

Action                     |  1- 3 |  4- 6 || total
---------------------------+-------+-------++-------
   Fire: Sling             |   159 |    87 ||   246
    Use: Scroll            |     6 |     1 ||     7
         Potion            |     1 |       ||     1
 Armour: Robe              |     3 |       ||     3
         Ring mail         |    28 |    31 ||    59
  Dodge: Dodged            |    35 |    33 ||    68

Table legend:
 A = Non-vault XP
 B = Vault XP
 C = Vault XP percentage of total XP
 D = Non-vault monster count
 E = Vault monster count
 F = Vault count percentage of total count
                 A         B        C        D         E       F
            +---------+---------+-------+---------+---------+-------
      Total |     227 |       6 |   2.6 |      61 |       5 |   7.6
            +---------+---------+-------+---------+---------+-------
        D:1 |      31 |       0 |   0.0 |      18 |       0 |   0.0
        D:2 |      25 |       6 |  19.4 |      16 |       5 |  23.8
        D:3 |     155 |       0 |   0.0 |      25 |       0 |   0.0
        D:4 |      16 |       0 |   0.0 |       2 |       0 |   0.0
            +---------+---------+-------+---------+---------+-------
